 Dungeon Crawl Stone Soup version 0.30-b1-2-g02819fbbbe (webtiles) character file.

Game seed: 9747947608538004099

10221 Metae the Blocker (level 11, 0/101 HPs)
             Began as a Minotaur Fighter on June 19, 2023.
             Was a High Priest of Makhleb.
             Slain by a very large slime creature (45 damage)
             ... in an ice cave on June 20, 2023.
             The game lasted 00:45:31 (11447 turns).

Metae the Blocker (Minotaur Fighter)               Turns: 11447, Time: 00:45:39

Health: 0/101      AC: 17    Str: 24    XL:     11   Next: 33%
Magic:  15/15      EV:  7    Int:  5    God:    Makhleb [*****.]
Gold:   743        SH:  6    Dex: 11    Spells: 10/10 levels left

rFire   + . .        F - +9 mace "Idauwk" {speed, rF+ rC+}
rCold   + . .        c - +0 buckler
rNeg    . . .        O - +0 plate armour
rPois   +            (helmet restricted)
rElec   .            r - +0 cloak
rCorr   .            M - +0 pair of gloves
SInv    .            (no boots)
Will    +....        V - amulet of the acrobat Stlth
                     f - ring of willpower
HPRegen 0.36/turn    U - ring of poison resistance
MPRegen 0.14/turn

%: acrobat
@: no status effects
A: horns 2, retaliatory headbutt
a: Renounce Religion, Minor Destruction, Lesser Servant of Makhleb, Major
Destruction, Greater Servant of Makhleb


You were in an ice cave.
You worshipped Makhleb.
Makhleb was extremely pleased with you.
You visited 2 branches of the dungeon, and saw 12 of its levels.
You also visited: Sewer, Ossuary, Bailey and Ice Cave.

You collected 823 gold pieces.
You spent 80 gold pieces at shops.

Inventory:

Hand Weapons
 w - the +6 dagger "Doviemia" {chaos, rF++ rN+ Will- Int+2}
   (You found it on level 4 of the Dungeon)

   Int:       It affects your intelligence (+2).
   rF:        It greatly protects you from fire.
   rN:        It protects you from negative energy.
   Will:      It decreases your willpower.
 F - the +9 mace "Idauwk" (weapon) {speed, rF+ rC+}
   (You found it on level 6 of the Dungeon)

   rF:        It protects you from fire.
   rC:        It protects you from cold.
 J - a +0 double sword
Missiles
 b - 3 curare-tipped darts
 j - 111 stones (quivered)
 q - 9 poisoned darts
 s - 11 boomerangs
Armour
 a - the -2 cloak "Pyrch" {rPois rF+}
   (You found it on level 3 of the Dungeon)

   rF:        It protects you from fire.
   rPois:     It protects you from poison.
 c - a +0 buckler (worn)
 r - a +0 cloak (worn)
 M - a +0 pair of gloves (worn)
 O - a +0 plate armour (worn)
Jewellery
 f - a ring of willpower (left hand)
 p - a ring of flight
 E - a ring of positive energy
 U - a ring of poison resistance (right hand)
 V - an amulet of the acrobat (around neck)
Wands
 h - a wand of digging (5)
 B - a wand of iceblast (8)
 N - a wand of polymorph (14)
 S - a wand of flame (12)
 W - a wand of paralysis (6)
Scrolls
 e - 3 scrolls of blinking
 g - 3 scrolls of amnesia
 l - 4 scrolls of enchant weapon {unknown}
 m - 6 scrolls of immolation
 n - a scroll of poison
 t - 4 scrolls of vulnerability
 u - 4 scrolls of enchant armour
 v - a scroll of acquirement {unknown}
 x - 5 scrolls of teleportation
 y - a scroll of torment {unknown}
 A - 4 scrolls of fear
 G - 2 scrolls of noise {unknown}
 K - 2 scrolls of magic mapping {unknown}
Potions
 d - 4 potions of might
 i - 2 potions of degeneration
 k - 4 potions of attraction {unknown}
 o - 4 potions of mutation
 z - a potion of lignification {unknown}
 C - a potion of haste {unknown}
 D - 6 potions of flight
 H - 4 potions of brilliance
 I - 3 potions of curing {unknown}
 L - a potion of resistance {unknown}
 T - a potion of heal wounds
Miscellaneous
 R - a lightning rod (4/4)


   Skills:
 + Level 10.3 Fighting
 + Level 10.0 Maces & Flails
 + Level 10.3 Armour
 + Level 10.4 Shields
 + Level 7.2 Invocations
 + Level 2.3 Evocations


You had 10 spell levels left.
You didn't know any spells.
Your spell library contained the following spells:

 Spells                   Type           Power      Damage    Failure   Level
 Slow                     Hex            0%         N/A       100%        1
 Sting                    Tmut/Pois      0%         1d3       100%        1
 Ensorcelled Hibernation  Hex/Ice        0%         N/A       100%        2
 Passwall                 Tmut/Erth      0%         N/A       100%        2
 Poisonous Vapours        Pois/Air       0%         N/A       100%        2
 Scorch                   Fire           0%         2d5       100%        2
 Confusing Touch          Hex            0%         N/A       100%        3
 Swiftness                Air            0%         N/A       100%        3
 Vampiric Draining        Necr           0%         2d6       100%        3
 Vhi's Electric Charge    Tloc/Air       0%         N/A       100%        3
 Flame Wave               Conj/Fire      0%         2d4       100%        4
 Olgreb's Toxic Radiance  Pois           0%         N/A       100%        4
 Summon Cactus Giant      Summ           0%         N/A       100%        6
 Chain Lightning          Conj/Air       0%         N/A       100%        9


Dungeon Overview and Level Annotations

Branches:
Dungeon (10/15)            Temple (0/1) D:7             Orc (2/2) D:9
    Elf (0/3) Orc:2         Sewer (visited)         Ossuary (visited)
 Bailey (visited)           IceCv (1/1)
   Lair: D:8-11

Altars:
Ashenzari
Cheibriados
Elyvilon
Hepliaklqana
Kikubaaqudgha
Makhleb
Okawaru
Ru
Sif Muna
Trog
The Shining One

Shops:
D:1 [   D:7 =   D:10 (!([

Annotations:
D:9 3 runed translucent doors, arta456's ghost, novice DECj


Innate Abilities, Weirdness & Mutations

You have a pair of horns on your head.
You reflexively headbutt those who attack you in melee.


Message History

Aiming: Major Destruction (9% risk of failure)
Press: ? - help, Shift-Dir - straight line, f - large slime creature
Aim: a large slime creature (lightly wounded)
The bolt of negative energy hits the slime creature!
The slime creature is drained!
The slime creature is heavily wounded.
The bolt of negative energy hits the large slime creature!!
The large slime creature is drained!
The large slime creature is moderately wounded.
The bolt of negative energy hits the glowing shapeshifter simulacrum.
The glowing shapeshifter simulacrum completely resists.
The slime creature hits you.
You sock the slime creature!
You headbutt the slime creature, but do no damage.
The slime creature is severely wounded.
Two slime creatures merge to form an enormous slime creature.
You sock the enormous slime creature!
The enormous slime creature is moderately wounded.
You sock the enormous slime creature!
The enormous slime creature is moderately wounded.
An enormous slime creature splits.
Two slime creatures merge to form a very large slime creature.
You sock the large slime creature!
The large slime creature is heavily wounded.
You completely miss the large slime creature.
The large slime creature is heavily wounded.
A large slime creature splits.
The very large slime creature attacks as you move away!
The very large slime creature hits you!!
The slime creature closely misses you.
The slime creature attacks as you move away!
The slime creature hits you but does no damage.
Two slime creatures merge to form a large slime creature.
Aiming: Minor Destruction (0% risk of failure)
Press: ? - help, Shift-Dir - straight line, f - very large slime creature
Aim: a very large slime creature (heavily wounded, lightly drained)
The stone arrow hits the very large slime creature!
The very large slime creature is heavily wounded.
The very large slime creature hits you!!!
You die...

#..# #..#
### #..##
#.####.##
##..#
#..##...#
#..#
#.....∩∩#
##..#
#..##...#
#.Z.#
##.####.##
###.J##
#..# ###
#..J.# #..#
#..@##
##.## #...#
#..# #..##
##..# #..#
##..##
#..####...#
#...##...##
#....#..##
#.......#
##......#


You could see a very large slime creature (drained), a large slime creature
(drained) and a glowing shapeshifter simulacrum.

Vanquished Creatures
  2 vault guards (Bailey)
  A two-headed ogre (D:10)
  An orc sorcerer (Orc:1)
  A cyclops (D:9)
  A komodo dragon (D:10)
  2 trolls
  Grinder (D:3)
  Prince Ribbit (Bailey)
  A vampire (D:9)
  2 wyverns (D:8)
  5 humans (Bailey)
  A steam dragon (D:6)
  4 wargs (D:9)
  2 water moccasins
  3 black bears
  4 orc warriors
  A great orb of eyes simulacrum (IceCv)
  An ice beast (D:6)
  4 ogres
  A kobold brigand (D:8)
  A phantom (D:5)
  A slime creature simulacrum (IceCv)
  An elf zombie (Ossuary)
  9 bullfrogs
  A two-headed ogre simulacrum (Orc:1)
  A gnoll sergeant (D:7)
  4 scorpions
  4 wights (D:8)
  3 howler monkeys
  3 centaur zombies (Ossuary)
  2 jellies
  2 hounds
  9 orc priests
  A gnoll bouda (D:7)
  A sleepcap (D:5)
  Jessica (D:3)
  12 orc wizards
  A sickly merfolk siren (Sewer)
  2 spriggan simulacra (Orc:1)
  A malarious merfolk avatar (Sewer)
  3 troll simulacra (Orc:1)
  A shapeshifter simulacrum (IceCv)
  2 mummies (Ossuary)
  9 adders
  13 gnolls
  3 river rats
  2 naga simulacra (Orc:1)
  A shadow imp (D:5)
  A white imp (D:6)
  2 ufetubi
  An adder zombie (Ossuary)
  6 worms
  2 dart slugs
  32 orcs
  9 ball pythons
  7 bats
  5 endoplasms
  7 giant cockroaches
  10 goblins
  9 hobgoblins
  7 jackals
  4 quokkas
  8 frilled lizards
  2 goblin zombies (Ossuary)
  10 hobgoblin zombies (Ossuary)
  9 kobolds
  7 kobold zombies (Ossuary)
  11 orc zombies (Ossuary)
  27 rats
  2 rat zombies (Ossuary)
311 creatures vanquished.

Vanquished Creatures (collateral kills)
  A human (Bailey)
  An orc warrior (Orc:2)
  An ogre (Orc:2)
  A wight (D:8)
  2 orcs (Bailey)
6 creatures vanquished.

Grand Total: 317 creatures vanquished

Notes
Turn   | Place    | Note
-------+----------+-------------------------------------------
     0 | D:1      | Metae the Minotaur Fighter began the quest for the Orb.
     0 | D:1      | Reached XP level 1. HP: 19/19 MP: 0/0
    16 | D:1      | Found a transporter.
   131 | D:1      | Reached XP level 2. HP: 26/27 MP: 1/1
   353 | D:1      | Found a transporter.
   356 | D:1      | Found Bouskug's Armour Shoppe.
   730 | D:2      | Reached XP level 3. HP: 31/33 MP: 2/2
   857 | D:2      | You fall into a shaft and drop 1 floor!
   881 | D:3      | Noticed Grinder
   888 | D:3      | Paralysed by Grinder for 5 turns
   899 | D:3      | Killed Grinder
   900 | D:3      | Reached skill level 5 in Fighting
   900 | D:3      | Reached skill level 5 in Armour
   900 | D:3      | Reached skill level 5 in Shields
   900 | D:3      | Reached XP level 4. HP: 28/42 MP: 3/3
   900 | D:3      | Reached XP level 5. HP: 32/48 MP: 4/4
  1469 | D:3      | Reached XP level 6. HP: 55/56 MP: 5/5
  1872 | D:3      | Noticed Jessica
  1881 | D:3      | Killed Jessica
  1891 | D:3      | Identified the -2 cloak "Pyrch" {rPois rF+}
  2416 | D:4      | Found a burning altar of Makhleb.
  2422 | D:4      | Became a worshipper of Makhleb the Destroyer
  2548 | D:4      | Found a shimmering blue altar of Sif Muna.
  2582 | D:4      | Found a glowing golden altar of the Shining One.
  2638 | D:4      | Identified the +6 dagger "Doviemia" {chaos, rF++ rN+ Will-
                  | Int+2}
  2957 | D:4      | Found a snail-covered altar of Cheibriados.
  3011 | D:4      | Reached skill level 5 in Maces & Flails
  3011 | D:4      | Reached XP level 7. HP: 55/62 MP: 6/6
  3093 | D:4      | Reached * piety under Makhleb
  3143 | D:5      | Entered Level 5 of the Dungeon
  3267 | D:5      | Reached skill level 1 in Invocations
  4337 | D:6      | Found a glowing drain.
  4349 | Sewer    | Entered a sewer
  4567 | Sewer    | Reached ** piety under Makhleb
  4785 | Sewer    | Identified the +6 short sword of Fate {flame, Will+ MP+9
                  | Str-2 Int+3 Stlth+}
  4840 | D:6      | Found an ancient bone altar of Kikubaaqudgha.
  4867 | D:6      | Found a white marble altar of Elyvilon.
  4895 | D:6      | Noticed a steam dragon
  4901 | D:6      | Killed a steam dragon
  4902 | D:6      | Reached XP level 8. HP: 66/71 MP: 8/8
  5076 | D:6      | Identified the +9 mace "Idauwk" {speed, rF+ rC+}
  5458 | D:7      | Found a bloodstained altar of Trog.
  5495 | D:7      | Found a staircase to the Ecumenical Temple.
  5561 | D:7      | Reached *** piety under Makhleb
  5734 | D:7      | Found a sand-covered staircase.
  5745 | Ossuary  | Entered an ossuary
  5755 | Ossuary  | Reached XP level 9. HP: 79/79 MP: 10/10
  5907 | Ossuary  | Reached **** piety under Makhleb
  6208 | D:7      | Found Hikh's Jewellery Shop.
  6563 | D:7      | Found a hazy altar of Hepliaklqana.
  6764 | D:8      | Found a broken altar of Ashenzari.
  6771 | D:8      | Found a sacrificial altar of Ru.
  7116 | D:8      | Found a flagged portal.
  7126 | Bailey   | Entered a bailey
  7135 | Bailey   | Reached skill level 5 in Invocations
  7203 | Bailey   | Reached XP level 10. HP: 29/90 MP: 13/13
  7406 | Bailey   | Noticed Prince Ribbit
  7419 | Bailey   | Killed Prince Ribbit
  7549 | Bailey   | Noticed a vault guard
  7561 | Bailey   | Killed a vault guard
  7572 | Bailey   | Noticed a vault guard
  7604 | Bailey   | Killed a vault guard
  8298 | D:9      | Noticed a cyclops
  8311 | D:9      | Killed a cyclops
  8504 | D:9      | Noticed a two-headed ogre
  8505 | D:9      | Found a runed translucent gate.
  8505 | D:9      | Noticed a skeletal warrior
  8506 | D:9      | Found a runed translucent gate.
  8506 | D:9      | Noticed arta456's ghost (novice DECj)
  8507 | D:9      | Found a runed translucent gate.
  8751 | D:9      | Reached skill level 10 in Shields
  8784 | D:9      | Found a staircase to the Orcish Mines.
  9588 | D:10     | Entered Level 10 of the Dungeon
  9607 | D:10     | Got the Directory of Conduction
  9656 | D:10     | Reached skill level 10 in Armour
  9656 | D:10     | Reached skill level 1 in Evocations
  9857 | D:9      | Reached skill level 10 in Fighting
  9863 | D:9      | Reached XP level 11. HP: 55/99 MP: 15/15
 10066 | D:10     | Found Lathoali's Antique Weapon Shop.
 10155 | D:10     | Found Xogicyisch's Antique Weapon Emporium.
 10188 | D:10     | Found Lecs's Distillery.
 10198 | D:10     | Bought a potion of heal wounds for 80 gold pieces
 10286 | D:10     | Noticed a two-headed ogre
 10292 | D:10     | Killed a two-headed ogre
 10459 | D:10     | Found Gixzeo Apna's Armour Emporium.
 10786 | Orc:1    | Entered Level 1 of the Orcish Mines
 10796 | Orc:1    | Noticed an orc sorcerer
 10807 | Orc:1    | Killed an orc sorcerer
 10822 | Orc:1    | Reached ***** piety under Makhleb
 11137 | Orc:2    | Entered Level 2 of the Orcish Mines
 11156 | Orc:2    | Found an iron altar of Okawaru.
 11214 | Orc:2    | Reached skill level 10 in Maces & Flails
 11326 | Orc:2    | Found a staircase to the Elven Halls.
 11336 | Orc:1    | Found a frozen archway.
 11377 | IceCv    | Entered an ice cave
 11447 | IceCv    | Slain by a very large slime creature

Illustrated notes

Levels and vault maps discovered:
D:1:      giann_bridges, layout_loops_ring, serial_shops, nicolae_shop_drivethru
D:2:      layout_loops_ring
D:3:      layout_loops_ring, uniq_grinder, uniq_jessica
D:4:      minmay_skewed_foursquare, layout_loops_ring, bloody_makhleb,
          lemuel_blue_sif_altar, mainiacjoe_overflow_concentric_impassable,
          kennysheep_little_box
D:5:      layout_layer_cave
D:6:      layout_cave_pools, mainiacjoe_overflow_alcove_4, kennysheep_mini_moat,
          cheibrodos_sewer_entry_sluice, nicolae_hexahallways
D:7:      layout_basic, trog_ov_bears_minmay, nicolae_hepliaklqana_hippocampus,
          minmay_temple_entry_sparse_star, enter_ossuary_1, serial_shops,
          nicolae_shop_back_alley_shop
D:8:      layout_basic, cheibrodos_ashenzari_chains,
          mainiacjoe_overflow_tiny_flanked, enter_bailey_2,
          corexii_leaking_fountain
D:9:      layout_basic, minmay_orc_entry_guard_dogs, serial_glass,
          glass_columns_a, glass_columns_b, gammafunk_ghost_split
D:10:     layout_irregular_city, serial_shops, shop, nicolae_square_shop,
          nicolae_lakefront_shop, shop, hex_large
Orc:1:    layout_diamond_mine, serial_shops, nicolae_shop_trees,
          portal_ice_cave_entry_ice_simulacra
Orc:2:    st_orc_open, layout_diamond_mine, david_defended_altar_orc,
          uniq_donald
IceCv:    ice_cave_hellmonk_azure_passage

Skill      XL: |  1  2  3  4  5  6  7  8  9 10 11 |
---------------+----------------------------------+-----
Fighting       | 4 5 6 7 8 10 | 10.3
Shields        | 4 5 6 7 8 10 | 10.4
Armour         | 4 5 6 7 8 10 | 10.3
Maces & Flails | 3 4 5 7 8 9 10 | 10.0
Invocations    | 2 3 5 6 7 |  7.2
Evocations     | 1 2 |  2.3

Action                     |  1- 3 |  4- 6 |  7- 9 | 10-12 || total
---------------------------+-------+-------+-------+-------++-------
  Melee: Flail             |    60 |    50 |       |       ||   110
         Headbutt          |     5 |    15 |    67 |    50 ||   137
         Morningstar       |       |    82 |   151 |       ||   233
         Mace              |       |       |   226 |   244 ||   470
  Throw: Dart              |       |       |     1 |     1 ||     2
         Stone             |       |       |       |     1 ||     1
 Invoke: Lesser Servant of |       |       |     1 |     2 ||     3
         Minor Destruction |       |       |       |     2 ||     2
         Major Destruction |       |       |       |     2 ||     2
    Use: Scroll            |       |       |     6 |     3 ||     9
         Potion            |       |       |       |     3 ||     3
 Armour: Scale mail        |    23 |    70 |   154 |     9 ||   256
         Chain mail        |       |       |       |    25 ||    25
         Plate armour      |       |       |       |    57 ||    57
  Dodge: Dodged            |    37 |    58 |   145 |    56 ||   296
  Block: Buckler           |    14 |    48 |    87 |    56 ||   205
